 Dungeon Crawl Stone Soup version 0.30.1-4-g462c640d31 (webtiles) character file.

Game seed: 8815879667614111437

39 arthad the Chopper (level 3, -3/33 HPs)
             Began as a Minotaur Berserker on Aug 20, 2023.
             Was a Follower of Trog.
             Slain by a gnoll
             ... wielding a +0 flail
              (7 damage)
             ... on level 2 of the Dungeon.
             The game lasted 00:01:24 (1147 turns).

arthad the Chopper (Minotaur Berserker)             Turns: 1147, Time: 00:01:25

Health: -3/33      AC:  4    Str: 23    XL:     3   Next: 26%
Magic:  2/2        EV: 12    Int:  4    God:    Trog [*.....]
Gold:   80         SH:  0    Dex:  9    Spells: 2/2 levels left

rFire   + . .        a - +0 hand axe
rCold   . . .        (no shield)
rNeg    . . .        b - +0 animal skin
rPois   .            (helmet restricted)
rElec   .            (no cloak)
rCorr   .            (no gloves)
SInv    .            h - +1 pair of boots
Will    ++...        (no amulet)
Stlth   +            e - ring of protection from fire
HPRegen 1.25/turn    (no ring)
MPRegen 0.08/turn

%: no passive effects
@: strong-willed, regenerating
A: horns 2, retaliatory headbutt
a: Renounce Religion, Berserk


You were on level 2 of the Dungeon.
You worshipped Trog.
Trog was aware of your devotion.
You visited 1 branch of the dungeon, and saw 2 of its levels.

You collected 80 gold pieces.

Inventory:

Hand Weapons
 a - a +0 hand axe (weapon)
Armour
 b - a +0 animal skin (worn)
 h - a +1 pair of boots (worn)
Jewellery
 e - a ring of protection from fire (left hand)
 j - a ring of resist corrosion
 p - a ring of ice
Scrolls
 c - a scroll of fog {unknown}
 f - a scroll of enchant armour {unknown}
 g - 3 scrolls of identify {unknown}
 l - a scroll of fear {unknown}
 n - a scroll of poison {unknown}
Potions
 d - 2 potions of mutation {unknown}
 i - a potion of flight {unknown}
 k - a potion of might {unknown}
 m - a potion of berserk rage {unknown}
 o - a potion of curing {unknown}


   Skills:
 * Level 4.1 Fighting
 * Level 4.1 Axes
 + Level 3.0 Armour
 + Level 2.7 Dodging


You had 2 spell levels left.
You didn't know any spells.
Your spell library contained the following spells:

 Spells                   Type           Power      Damage    Failure   Level
 Kiss of Death            Conj/Necr      0%         2d5       50%         1
 Magic Dart               Conj           0%         1d3       50%         1
 Sandblast                Erth           0%         2d4       50%         1
 Call Imp                 Summ           0%         N/A       65%         2
 Passwall                 Tmut/Erth      0%         N/A       65%         2
 Confusing Touch          Hex            0%         N/A       86%         3
 Mephitic Cloud           Conj/Pois/Air  0%         N/A       86%         3
 Stone Arrow              Conj/Erth      0%         3d7       86%         3
 Dispel Undead            Necr           0%         3d6       99%         4


Dungeon Overview and Level Annotations

Branches:
Dungeon (2/15)

Altars:


Innate Abilities, Weirdness & Mutations

You have a pair of horns on your head.
You reflexively headbutt those who attack you in melee.


Message History

The gnoll hits you with a +0 flail. The endoplasm misses you.
You furiously retaliate!
You headbutt the endoplasm!
You kill the endoplasm!
Trog accepts your kill.
You barely miss the gnoll.
The gnoll is heavily wounded.
The gnoll hits you from afar with a +0 spear.
The gnoll barely misses you.
You hit the gnoll. You headbutt the gnoll.
The gnoll is severely wounded.
The gnoll hits you from afar with a +0 spear.
The gnoll misses you. The gnoll hits you with a +0 flail!
* * * LOW HITPOINT WARNING * * *
You are too injured to fight recklessly!
You are too injured to fight recklessly!
You are too injured to fight recklessly!
You are too injured to fight recklessly!
You are too injured to fight recklessly!
You are too injured to fight recklessly!
You are too injured to fight recklessly!
You are too injured to fight recklessly!
You are too injured to fight recklessly!
You are too injured to fight recklessly!
You are too injured to fight recklessly!
You are too injured to fight recklessly!
You are too injured to fight recklessly!
You are too injured to fight recklessly!
You are too injured to fight recklessly!
You are too injured to fight recklessly!
Okay, then.
Your skin crawls.
You feel strong-willed.
You can no longer call upon Trog for regeneration and willpower.
The gnoll barely misses you. The gnoll hits you but does no damage.
The gnoll hits you with a +0 flail.
* * * LOW HITPOINT WARNING * * *
You barely miss the gnoll.
The gnoll is severely wounded.
The gnoll hits you with a +0 flail!
You die...

.### ##.##. ... ....#
#.# #.#.# #.#####.#.##
#..........#
#..##...#..#
#..##.###..#
..#.#####..##.# #..#
.....g.@...##.###..#####
.......g................
..##...g...##.####......
#.....####.# ##.....
#.....# #.# #####.
...##### #.# #. #### #.
#. #.


You could see 3 gnolls.

Vanquished Creatures
  An adder (D:2)
  A worm (D:2)
  2 dart slugs
  4 ball pythons
  3 endoplasms
  2 goblins
  A hobgoblin (D:1)
  2 quokkas (D:1)
  2 bats (D:1)
  A frilled lizard (D:2)
  2 kobolds
  A rat (D:1)
22 creatures vanquished.

Notes
Turn   | Place    | Note
-------+----------+-------------------------------------------
     0 | D:1      | arthad the Minotaur Berserker began the quest for the Orb.
     0 | D:1      | Reached XP level 1. HP: 19/19 MP: 0/0
   111 | D:1      | Found a faded altar of an unknown god.
   252 | D:1      | Reached XP level 2. HP: 21/27 MP: 1/1
  1035 | D:2      | Reached XP level 3. HP: 26/33 MP: 2/2
  1086 | D:2      | Reached ** piety under Trog
  1147 | D:2      | Slain by a gnoll

Illustrated notes

Levels and vault maps discovered:
D:1:      dpeg_arrival_snail, layout_basic, ebering_ecumenical_altar_box,
          minivault_19
D:2:      layout_loops_cross

Skill      XL: |  1  2 |
---------------+-------+-----
Axes           | 4 |  4.1
Fighting       | 4 |  4.1
Armour         | 3 |  3.0
Dodging        | |  2.7

Action                     || total
---------------------------++-------
  Melee: Hand axe          ||    61
         Headbutt          ||     5
         Punch             ||     1
 Invoke: Trog's Hand       ||     1
 Armour: Animal skin       ||    17
  Dodge: Dodged            ||    43
